 Dungeon Crawl Stone Soup version 0.20.1-1-g8b1a95d (webtiles) character file.

6825 Inchmeat the Earth Mage (level 11, -2/54 HPs)
             Began as a Gargoyle Earth Elementalist on Dec 31, 2017.
             Was a Follower of Ashenzari.
             Slain by an orc warrior
             ... wielding a +0 long sword
              (9 damage)
             ... on level 9 of the Dungeon on Jan 2, 2018.
             The game lasted 00:21:08 (10032 turns).

Inchmeat the Earth Mage (GrEE)                     Turns: 10032, Time: 00:21:08

Health: -2/54      AC: 14    Str: 13    XL:     11   Next: 5%
Magic:  0/14       EV: 10    Int: 18    God:    Ashenzari [*.....]
Gold:   428        SH:  0    Dex: 10    Spells: 5/14 levels left

rFire    . . .     SeeInvis .   G - +2 whip (freeze) (curse)
rCold    . . .     Gourm    .   (no shield)
rNeg     + . .     Faith    .   j - +0 ring mail
rPois    ∞         Spirit   .   s - +1 helmet
rElec    +         Reflect  .   D - scarf {repulsion} (curse)
rCorr    .         Harm     .   (no gloves)
MR       +....                  (no boots)
Stlth    ++........             y - amulet of regeneration (curse)
Regen    0.6/turn               B - ring of stealth (curse)
MPRegen  0.2/turn               H - ring of protection from magic

@: repel missiles
A: negative energy resistance 1, electricity resistance, unbreathing,
petrification resistance, rot immunity, AC +7
a: Curse Item, Scrying, Renounce Religion


You were on level 9 of the Dungeon.
You worshipped Ashenzari.
Ashenzari was aware of your devotion.
You were near starving.

You visited 2 branches of the dungeon, and saw 10 of its levels.
You also visited: Ossuary.

You collected 428 gold pieces.

Inventory:

Hand Weapons
 E - a +1 scimitar of flaming
 G - a cursed +2 whip of freezing (weapon)
Missiles
 f - 6 tomahawks of dispersal (quivered)
Armour
 j - a +0 ring mail (worn)
 s - a +1 helmet (worn)
 D - a cursed scarf of repulsion (worn)
Jewellery
 y - a cursed amulet of regeneration (around neck)
 B - a cursed ring of stealth (left hand)
 H - a ring of protection from magic (right hand)
Wands
 w - a wand of paralysis (24/24)
 F - a wand of disintegration (13/24)
Scrolls
 c - 2 scrolls of enchant armour
 h - a scroll of fog
 l - 3 scrolls of teleportation {unknown}
 m - 4 scrolls of enchant weapon
 p - a scroll of amnesia {unknown}
 t - a scroll of recharging
 u - a scroll of immolation {unknown}
 x - 2 scrolls of fear {unknown}
 A - a scroll of noise {unknown}
 C - 2 scrolls of identify {@r1}
Potions
 a - a potion of ambrosia
 g - a potion of magic
 i - 2 potions of brilliance
 k - 3 potions of heal wounds
 n - 2 potions of lignification
 v - a potion of might
 z - 3 potions of curing {@q1}
Books
 e - a book of Geomancy

   Spells                             Type                      Level
   a - Sandblast                      Earth                        1
   b - Passwall                       Transmutation/Earth          2
   c - Stone Arrow                    Conjuration/Earth            3
   d - Petrify                        Transmutation/Earth          4
   e - Lee's Rapid Deconstruction     Earth                        5
Comestibles
 d - 3 bread rations
 o - 4 fruits
 q - 4 royal jellies
 r - 4 meat rations


   Skills:
 - Level 1.5 Dodging
 - Level 2.2 Stealth
 - Level 2.1 Spellcasting
   Level 0.7 Transmutations
 * Level 18.3 Earth Magic


You had 5 spell levels left.
You knew the following spells:

 Your Spells              Type           Power        Failure   Level  Hunger
a - Sandblast             Erth           ######       1%          1    #......
b - Stone Arrow           Conj/Erth      ####..       2%          3    ###....
c - Lee's Rapid Deconstr  Erth           ######....   1%          5    ######.


Dungeon Overview and Level Annotations

Branches:
Dungeon (9/15)             Temple (1/1) D:6
   Lair: D:8-11         Orc: D:9-12

Altars:
Ashenzari
Dithmenos
Elyvilon
Fedhas
Gozag
Kikubaaqudgha
Makhleb
Okawaru
Qazlal
Sif Muna
Trog
Uskayaw
Vehumet
Xom
Yredelemnul
Zin
The Shining One

Shops:
D:6 }


Innate Abilities, Weirdness & Mutations

You are resistant to torment.
Your stone body is resilient. (AC +7)
You are immune to poison.
You resist negative energy. (rN+)
You are resistant to electric shocks. (rElec)
You can survive without breathing.
You are immune to petrification.
You are immune to rotting.


Message History

Ye completely miss tha orc warrior.
Tha orc warrior be almost dead.
Tha orc warrior hits ye wit' a long sword.
* * * LOW HITPOINT WARNIN'
* * * Castin': Stone Arrow Confirm wit' . or Enter, or press ? or * ta list all spells.
Aimin': Stone Arrow
Press: ? - help, Shift-Dir - straight line, f/p - orc warrior
Aim: an orc warrior, wieldin' a long sword an' wearin' a chain mail (almost dead) Tha stone arrow misses tha orc warrior.
Tha orc warrior hits ye wit' a long sword!
* * * LOW HITPOINT WARNIN'
* * * Evoke which item? (* ta show all) (? fer menu, 'sc ta quit) Aimin': Disintegrate (will waste charges)
Press: ? - help, Shift-Dir - straight line, f/p - orc warrior
Aim: an orc warrior, wieldin' a long sword an' wearin' a chain mail (almost dead, chance ta defeat MR: 65%) Tha orc warrior struggles ta resist.
Evokin' 'tis parti'lly-identified wand wasted a few charges.
Tha orc warrior hits ye wit' a long sword!
Ye die...

#####..#.#
#.......#.
#).(......#
#)##..#.#.#
#(##........
#.##.##.#.##
#.##.##.#...
#....##.#######
#..........o@.#
###############


You could see an orc warrior.

Vanquished Creatures
  Erica (D:8)
  A two-headed ogre (D:9)
  Pikel (D:6)
  The ghost of MetaCosm the Destroyer, a novice DEFE of Vehumet (D:8)
  Joseph (D:7)
  A centaur skeleton (D:8)
  A hornet (D:9)
  Prince Ribbit (D:6)
  A wyvern (D:8)
  A wraith (Ossuary)
  A water moccasin (D:8)
  2 black bears
  3 sky beasts
  2 slaves (D:6)
  3 ogres
  4 orc warriors
  An ice beast (D:8)
  3 centaurs
  2 bullfrogs
  2 big kobolds (D:8)
  A water moccasin zombie (D:6)
  6 scorpions
  2 howler monkeys (D:7)
  A centaur zombie (D:6)
  A crimson imp (D:9)
  A bullfrog zombie (D:8)
  3 jellies
  7 orc priests
  6 hounds
  6 orc wizards
  An iguana (D:5)
  4 worker ants
  A hound skeleton (D:4)
  A mummy (Ossuary)
  A worker ant zombie (D:8)
  5 adders
  4 shadow imps
  An ooze (D:3)
  An adder skeleton (D:5)
  5 worms
  3 dart slugs
  10 leopard geckos
  37 orcs
  A ball python (D:1)
  5 bats
  3 giant cockroaches
  9 goblins
  7 hobgoblins
  15 kobolds
  A quokka (D:3)
  4 frilled lizards
  4 gnoll skeletons (Ossuary)
  6 kobold skeletons (Ossuary)
  A leopard gecko zombie (D:5)
  15 orc skeletons (Ossuary)
  A quokka skeleton (D:4)
  8 rats
221 creatures vanquished.

Vanquished Creatures (others)
  2 orcs (D:7)
2 creatures vanquished.

Grand Total: 223 creatures vanquished

Notes
Turn   | Place    | Note
-------+----------+-------------------------------------------
     0 | D:1      | Inchmeat the Gargoyle Earth Elementalist began the quest for the Orb.
     0 | D:1      | Reached XP level 1. HP: 10/10 MP: 3/3
   236 | D:1      | Reached skill level 4 in Earth Magic
   236 | D:1      | Reached XP level 2. HP: 4/15 MP: 0/5
  1057 | D:2      | Reached XP level 3. HP: 19/19 MP: 4/6
  1067 | D:2      | Reached skill level 5 in Earth Magic
  1437 | D:2      | Reached XP level 4. HP: 24/24 MP: 5/7
  1600 | D:2      | Found a bloodstained altar of Trog.
  1978 | D:3      | Reached skill level 6 in Earth Magic
  2081 | D:3      | Reached XP level 5. HP: 8/28 MP: 1/8
  2525 | D:3      | Reached skill level 7 in Earth Magic
  2881 | D:3      | Learned a level 3 spell: Stone Arrow
  3173 | D:4      | Reached XP level 6. HP: 21/32 MP: 3/9
  3285 | D:4      | Reached skill level 8 in Earth Magic
  3509 | D:4      | Reached skill level 9 in Earth Magic
  3509 | D:4      | Reached XP level 7. HP: 36/36 MP: 4/10
  4819 | D:5      | Entered Level 5 of the Dungeon
  5188 | D:5      | Found a glowing silver altar of Zin.
  5188 | D:5      | Found an ancient bone altar of Kikubaaqudgha.
  5196 | D:5      | Reached skill level 10 in Earth Magic
  5320 | D:5      | Reached skill level 11 in Earth Magic
  5320 | D:5      | Reached XP level 8. HP: 37/41 MP: 9/11
  5342 | D:5      | Learned a level 5 spell: Lee's Rapid Deconstruction
  5694 | D:5      | Found an iron altar of Okawaru.
  6105 | D:6      | Found a staircase to the Ecumenical Temple.
  6115 | Temple   | Entered the Ecumenical Temple
  6178 | Temple   | Became a worshipper of Ashenzari the Shackled
  6414 | D:6      | Reached skill level 12 in Earth Magic
  6742 | D:6      | Found Jukkan's Gadget Emporium.
  6789 | D:6      | Noticed Prince Ribbit
  6842 | D:6      | Killed Prince Ribbit
  6842 | D:6      | Reached skill level 13 in Earth Magic
  6842 | D:6      | Reached XP level 9. HP: 45/45 MP: 8/12
  7342 | D:7      | Noticed Joseph
  7361 | D:7      | Killed Joseph
  7361 | D:7      | Reached skill level 14 in Earth Magic
  7732 | D:7      | Noticed Pikel
  7745 | D:6      | Killed Pikel
  7745 | D:6      | Reached skill level 15 in Earth Magic
  8198 | D:8      | Reached XP level 10. HP: 31/50 MP: 3/13
  8293 | D:8      | Found a sand-covered staircase.
  8298 | Ossuary  | Entered an ossuary
  8298 | Ossuary  | Reached * piety under Ashenzari
  8464 | Ossuary  | Reached skill level 16 in Earth Magic
  8727 | D:8      | Noticed Erica
  8832 | D:8      | Killed Erica
  8967 | D:8      | Noticed MetaCosm's ghost (novice DEFE)
  8973 | D:8      | Killed MetaCosm's ghost
  8973 | D:8      | Reached skill level 17 in Earth Magic
  9586 | D:9      | Noticed a two-headed ogre
  9612 | D:9      | Killed a two-headed ogre
  9612 | D:9      | Reached skill level 18 in Earth Magic
  9795 | D:9      | Reached XP level 11. HP: 54/54 MP: 14/14
  9922 | D:9      | Noticed a two-headed ogre
 10032 | D:9      | Slain by an orc warrior

Skill      XL: |  1  2  3  4  5  6  7  8  9 10 |
---------------+-------------------------------+-----
Earth Magic    | 4 5 6 7 9 11 13 15 18 | 18.3
Dodging        | |  1.5
Stealth        | |  2.2
Spellcasting   | |  2.1
Transmutations | |  0.7

Action                   |  1- 3 |  4- 6 |  7- 9 | 10-12 || total
-------------------------+-------+-------+-------+-------++-------
Melee: Spear             |     2 |       |       |       ||     2
       Unarmed           |     1 |       |       |       ||     1
       Dagger            |     5 |    17 |       |       ||    22
       Falchion          |       |     2 |    14 |       ||    16
       Whip              |       |       |     3 |   162 ||   165
       Flail             |       |       |     1 |       ||     1
 Cast: Sandblast         |    39 |    64 |   147 |    78 ||   328
       Stone Arrow       |       |       |       |    17 ||    17
       Lee's Rapid Decon |       |       |       |     2 ||     2
Invok: Curse Item        |       |       |     4 |       ||     4
Evoke: Wand              |       |       |       |     1 ||     1
  Use: Scroll            |       |     6 |     6 |     3 ||    15
       Potion            |       |       |       |     2 ||     2
  Eat: Chunk             |     1 |     7 |    17 |       ||    25
       Bread ration      |       |       |       |     2 ||     2
Armor: Ring mail         |     7 |    18 |    48 |   133 ||   206
       Robe              |     1 |       |       |       ||     1
Dodge: Dodged            |    12 |    18 |    40 |    70 ||   140
       Deflected         |       |       |       |     4 ||     4
       Rpst.: Falchion   |       |       |     3 |       ||     3
